 Dungeon Crawl Stone Soup version 0.16-a0-3992-g631dd12 (console) character file.

15050 Fusha the Thaumaturge (level 11, -2/75 HPs)
             Began as a Vampire Conjurer on Feb 11, 2015.
             Was an Elder of Vehumet.
             Slain by a blue devil (13 damage)
             ... in an ice cave on Feb 12, 2015.
             The game lasted 01:19:47 (19483 turns).

Fusha the Thaumaturge (Vampire Conjurer)           Turns: 19483, Time: 01:19:47

Health: -2/75      AC:  9    Str:  7    XL:     11   Next: 96%
Magic:  13/39      EV: 25    Int: 20    God:    Vehumet [****..]
Gold:   640        SH:  0    Dex: 19    Spells: 9 memorised, 4 levels left

rFire  . . .     SeeInvis +     Q - +4 dagger (drain)
rCold  + + .     Clarity  .     z - +1 robe "Jacauc" {MP+9}
rNeg   + + +     SustAb   .     (no shield)
rPois  +         Gourm    .     v - +2 hat
rElec  .         Spirit   .     x - +2 cloak
rCorr  .         Warding  .     d - +0 pair of gloves
rMut   .         Stasis   .     (no boots)
MR     +....                    (no amulet)
Stlth  +++.......               (no ring)
                                (no ring)

@: confused, agile, regenerating slowly, somewhat resistant to hostile
enchantments, fairly stealthy
A: bottle blood, fangs 3, see invisible, unbreathing
a: Bat Form, Renounce Religion


You were in an ice cave.
You worshipped Vehumet.
Vehumet was greatly pleased with you.
You were near bloodless.

You visited 3 branches of the dungeon, and saw 13 of its levels.
You also visited: Ossuary and Ice Cave.

You collected 759 gold pieces.
You spent 119 gold pieces at shops.

Inventory:

Hand weapons
 Q - a +4 dagger of draining (weapon)
Missiles
 g - 68 stones (quivered)
 i - 2 throwing nets
Armour
 d - a +0 pair of gloves (worn)
 v - a +2 hat (worn)
 x - a +2 cloak (worn)
 z - the +1 robe "Jacauc" (worn) {MP+9}
   (You bought it in a shop on level 6 of the Dungeon)

   It affects your magic capacity (+9).
 B - a +2 leather armour of poison resistance
Magical staves
 N - an uncursed staff of wizardry
Jewellery
 k - an uncursed ring of see invisible
 n - an uncursed amulet of stasis
 s - an uncursed ring of fire
 O - an uncursed amulet of the gourmand
Magical devices
 h - a wand of paralysis (0)
 m - a wand of flame (28)
 A - a wand of polymorph (13)
 D - a wand of random effects (22)
 K - a wand of magic darts (11)
 M - a wand of digging (18)
 P - a wand of digging (7)
Scrolls
 b - a scroll of noise {unknown}
 e - 2 scrolls of recharging {unknown}
 l - 3 scrolls of teleportation
 p - 3 scrolls of immolation
 q - 2 scrolls of remove curse
 t - 2 scrolls of magic mapping
 I - a scroll of torment {unknown}
Potions
 a - a potion of degeneration
 f - 2 potions of brilliance
 j - a potion of cure mutation
 r - a potion of poison
 u - 2 potions of might
 H - a potion of agility
 L - 2 potions of flight {unknown}
Books
 c - a book of Conjurations

   Spells                             Type                      Level
   a - Magic Dart                     Conjuration                  1
   b - Searing Ray                    Conjuration                  2
   c - Dazzling Spray                 Conjuration/Hexes            3
   d - Fulminant Prism                Conjuration/Hexes            4
   e - Iskenderun's Mystic Blast      Conjuration                  4
   f - Iskenderun's Battlesphere      Conjuration/Charms           5
 y - a Necronomicon {highlevel, unknown}

   This book is beyond your current level of understanding.

   Spells                             Type                      Level
   a - Haunt                          Necromancy/Summoning         7
   b - Borgnjor's Revivification      Necromancy                   8
   c - Death's Door                   Charms/Necromancy            8
   d - Necromutation                  Transmutation/Necromancy     8
 F - a book of Power

   Spells                             Type                      Level
   a - Fulminant Prism                Conjuration/Hexes            4
   b - Iskenderun's Mystic Blast      Conjuration                  4
   c - Venom Bolt                     Conjuration/Poison           5
   d - Bolt of Magma                  Conjuration/Fire/Earth       5
   e - Iron Shot                      Conjuration/Earth            6
   f - Orb of Destruction             Conjuration                  7
   g - Spellforged Servitor           Conjuration/Summoning        7
 J - Treozih's Grimoire of Conjuration
   (You found it on level 9 of the Dungeon)

   Spells                             Type                      Level
   a - Shock                          Conjuration/Air              1
   b - Magic Dart                     Conjuration                  1
   c - Mephitic Cloud                 Conjuration/Poison/Air       3
   d - Irradiate                      Conjuration/Transmutation    5
   e - Bolt of Magma                  Conjuration/Fire/Earth       5


   Skills:
 + Level 3.1 Fighting
 + Level 0.2 Short Blades
 + Level 0.2 Throwing
 + Level 9.7 Dodging
 + Level 6.4 Stealth
 + Level 11.0 Spellcasting
 + Level 9.1 Conjurations
 + Level 2.2 Hexes
 + Level 0.2 Charms
 - Level 1.0 Fire Magic
 + Level 2.9 Ice Magic
 + Level 0.8 Air Magic
 + Level 0.3 Poison Magic
 + Level 0.4 Evocations


You had 4 spell levels left.
You knew the following spells:

 Your Spells              Type           Power        Failure   Level  Hunger
a - Magic Dart            Conj           ####         1%          1    None
b - Searing Ray           Conj           #####.       1%          2    None
c - Dazzling Spray        Conj/Hex       ####....     1%          3    None
d - Throw Flame           Conj/Fire      ####..       1%          2    None
e - Iskenderun's Mystic   Conj           #####...     1%          4    ##.....
f - Fulminant Prism       Conj/Hex       ####......   2%          4    ##.....
g - Mephitic Cloud        Conj/Pois/Air  ###.....     1%          3    None
h - Throw Icicle          Conj/Ice       #####...     2%          4    ##.....
i - Iskenderun's Battles  Conj/Chrm      ####....     9%          5    ####...


Dungeon Overview and Level Annotations

Branches:
Dungeon (11/15)            Temple (1/1) D:4            Lair (1/8) D:11
    Orc (0/4) D:9

Altars:
Ashenzari
Elyvilon
Fedhas
Kikubaaqudgha
Makhleb
Qazlal
Ru
Trog
Vehumet
Xom
Yredelemnul

Shops:
D:6 [

Annotations:
Lair:1 Nergalle


Innate Abilities, Weirdness & Mutations

You heal slowly.
You can bottle blood from corpses.
You have razor-sharp teeth.
You have supernaturally acute eyesight.
You can survive without breathing.


Message History

You feel your power returning.
The blast of energy engulfs the blue devil.
The blue devil is heavily wounded.
Casting: Magic Dart
Confirm with . or Enter, or press ? or * to list all spells.
Aiming: Magic Dart
Press: ? - help, Shift-Dir - straight line, f/p - blue devil
Aim: a blue devil (heavily wounded)
The magic dart hits the blue devil.
The blue devil is heavily wounded.
The blue devil hits you!
* * * LOW HITPOINT WARNING * * *
Drink which item? (? for menu, Esc to quit)
Okay, then.
Unknown command.
Drink which item? (? for menu, Esc to quit)
You are confused.
You feel invigorated. The blue devil closely misses you.
The blue devil hits you!
You die...

#...##..# #.......#
#..# ##..# #...# #..##
##...# #.4.## ##.@##
#....## ##.....## ###
#.......# ..######
##......# ...##..##
###.......#
........###.........##
.∩.......#...........#
.....##....##........#


You could see a blue devil.

Vanquished Creatures
  Harold (Lair:1)
  2 unseen horrors
  2 ice statues (IceCv)
  3 hill giants (D:10)
  Psyche (D:8)
  A gargoyle (D:11)
  A komodo dragon (Lair:1)
  A fire drake (D:9)
  Sonja (D:10)
  2 blue devils (IceCv)
  Grinder (D:3)
  A troll (D:10)
  2 two-headed ogres
  A wraith (D:10)
  2 wyverns (D:10)
  A deep elf mage (D:10)
  6 yaks (D:11)
  A human (shapeshifter) (D:8)
  2 hippogriffs
  3 hungry ghosts
  Edmund (D:8)
  3 wargs (D:11)
  2 black bears
  8 ice beasts
  2 porcupines (Lair:1)
  5 orc warriors
  6 phantoms
  4 ogres
  3 sky beasts
  2 necrophages
  2 crocodiles
  2 centaurs
  Duvessa (D:9)
  A big kobold (D:9)
  4 giant frogs
  3 killer bees (D:8)
  6 scorpions
  3 wights (D:6)
  3 centaur zombies
  A bog body (Ossuary)
  2 crimson imps (D:10)
  A goliath beetle (D:8)
  Dowan (D:9)
  8 hounds
  5 orc priests
  2 giant frog zombies (Ossuary)
  3 quasits
  7 jellies
  9 orc wizards
  3 giant frog skeletons
  5 iguanas
  7 worker ants
  2 hound zombies
  A hound skeleton (D:5)
  4 mummies (Ossuary)
  2 worker ant zombies (Ossuary)
  10 adders
  2 river rats (Lair:1)
  3 shadow imps
  16 white imps
  2 giant mites
  A worm (D:2)
  4 ufetubi (IceCv)
  2 adder zombies
  3 adder skeletons
  An ooze (D:3)
  42 orcs
  3 giant cockroaches
  16 hobgoblins
  10 jackals
  7 quokkas
  2 ball pythons
  20 bats
  A giant cockroach zombie (Ossuary)
  5 giant geckos
  4 giant newts
  A giant spore (D:9)
  19 goblins
  A jackal zombie (Ossuary)
  16 kobolds
  A quokka skeleton (D:8)
  A quokka zombie (Ossuary)
  9 rats
  2 spectral orcs (Lair:1)
  2 ballistomycetes (D:9)
365 creatures vanquished.

Vanquished Creatures (others)
  8 fulminant prisms
  3 white imps (IceCv)
  An ufetubus (IceCv)
  A plant (Ossuary)
13 creatures vanquished.

Grand Total: 378 creatures vanquished

Notes
Turn   | Place    | Note
--------------------------------------------------------------
     0 | D:1      | Fusha, the Vampire Conjurer, began the quest for the Orb.
     0 | D:1      | Reached XP level 1. HP: 13/13 MP: 3/3
   506 | D:1      | Reached XP level 2. HP: 19/19 MP: 0/4
  1511 | D:2      | Learned a level 2 spell: Searing Ray
  1524 | D:2      | Reached XP level 3. HP: 17/24 MP: 0/6
  1529 | D:2      | Learned a level 3 spell: Dazzling Spray
  1809 | D:2      | Reached XP level 4. HP: 30/30 MP: 0/8
  2478 | D:3      | Noticed a centaur
  2483 | D:3      | Killed a centaur
  2483 | D:3      | Reached skill level 4 in Conjurations
  2483 | D:3      | Reached XP level 5. HP: 23/36 MP: 4/11
  2757 | D:3      | Noticed Grinder
  3151 | D:4      | Found a staircase to the Ecumenical Temple.
  3185 | Temple   | Entered the Ecumenical Temple
  3216 | Temple   | Became a worshipper of Vehumet
  4113 | D:5      | Entered Level 5 of the Dungeon
  4213 | D:5      | Noticed a centaur
  4222 | D:5      | Killed a centaur
  4222 | D:5      | Reached XP level 6. HP: 18/42 MP: 5/15
  4603 | D:5      | Acquired Vehumet's first power
  4603 | D:5      | Offered knowledge of Sting by Vehumet.
  5279 | D:5      | Reached XP level 7. HP: 47/47 MP: 2/18
  5894 | D:6      | Reached skill level 5 in Spellcasting
  6179 | D:6      | Found a sand-covered staircase.
  6184 | Ossuary  | Entered an ossuary
  6570 | Ossuary  | Offered knowledge of Throw Flame by Vehumet.
  6574 | Ossuary  | Learned a level 2 spell: Throw Flame
  6577 | Ossuary  | Reached skill level 1 in Fighting
  7097 | D:6      | Reached skill level 5 in Conjurations
  7097 | D:6      | Reached XP level 8. HP: 54/54 MP: 9/21
  7384 | D:6      | Reached skill level 6 in Spellcasting
  7895 | D:6      | Paralysed by a wight for 6 turns
  7939 | D:6      | Found Poesoll's Antique Armour Emporium.
  7947 | D:6      | Bought a colourful robe for 119 gold pieces
  8112 | D:7      | Learned a level 4 spell: Iskenderun's Mystic Blast
  8315 | D:7      | Found a white marble altar of Elyvilon.
  8427 | D:7      | Reached skill level 1 in Hexes
  8538 | D:7      | Reached skill level 7 in Spellcasting
  8604 | D:7      | Reached skill level 5 in Stealth
  8615 | D:7      | Reached skill level 5 in Dodging
  8752 | D:7      | Reached XP level 9. HP: 39/59 MP: 13/24
  8976 | D:7      | Offered knowledge of Static Discharge by Vehumet.
  9143 | D:7      | Acquired Vehumet's second power
  9179 | D:7      | Identified the +1 robe "Jacauc" {MP+9} (You bought it in a shop on level 6 of the Dungeon)
  9390 | D:7      | Upgraded the game from 0.16-a0-3976-g683f154 to 0.16-a0-3992-g631dd12
  9590 | D:8      | Noticed Edmund
  9602 | D:8      | Killed Edmund
  9715 | D:8      | Learned a level 4 spell: Fulminant Prism
  9782 | D:8      | Noticed Psyche
  9796 | D:8      | Killed Psyche
  9796 | D:8      | Reached skill level 8 in Spellcasting
 10411 | D:8      | Noticed an unseen horror
 10421 | D:8      | Killed an unseen horror
 10421 | D:8      | Reached XP level 10. HP: 46/67 MP: 27/27
 10531 | D:8      | Noticed a hornet
 10531 | D:8      | a yak changed into a hornet
 10532 | D:8      | a hornet changed into a polar bear
 10544 | D:8      | Offered knowledge of Stone Arrow by Vehumet.
 10849 | D:9      | Found a staircase to the Lair.
 11484 | D:9      | Identified Treozih's Grimoire of Conjuration (You found it on level 9 of the Dungeon)
 11489 | D:9      | Learned a level 3 spell: Mephitic Cloud
 11515 | D:9      | Noticed Dowan
 11518 | D:9      | Killed Dowan
 11519 | D:9      | Noticed Duvessa
 11547 | D:9      | Reached skill level 9 in Spellcasting
 11554 | D:9      | Killed Duvessa
 11554 | D:9      | Acquired Vehumet's third power
 11674 | D:9      | Found a staircase to the Orcish Mines.
 11779 | D:9      | Offered knowledge of Throw Icicle by Vehumet.
 11785 | D:9      | Learned a level 4 spell: Throw Icicle
 12225 | D:3      | Killed Grinder
 12694 | D:10     | Entered Level 10 of the Dungeon
 13336 | D:10     | Noticed a hill giant
 13356 | D:10     | Killed a hill giant
 13477 | D:10     | Learned a level 5 spell: Iskenderun's Battlesphere
 13529 | D:10     | Reached XP level 11. HP: 44/74 MP: 19/29
 13712 | D:10     | Noticed Sonja
 13730 | D:10     | Killed Sonja
 13767 | D:10     | Reached skill level 10 in Spellcasting
 13953 | D:10     | Noticed a hill giant
 14283 | D:10     | Reached skill level 1 in Ice Magic
 14308 | D:10     | Noticed a hill giant
 14319 | D:10     | Killed a hill giant
 14539 | D:10     | Killed a hill giant
 15419 | D:11     | Offered knowledge of Bolt of Cold by Vehumet.
 15596 | D:11     | Found a staircase to the Lair.
 16083 | D:11     | Noticed an unseen horror
 16090 | D:11     | Killed an unseen horror
 16729 | Lair:1   | Entered Level 1 of the Lair of Beasts
 16762 | Lair:1   | Noticed Nergalle
 16809 | Lair:1   | Noticed Harold
 17043 | Lair:1   | Killed Harold
 17061 | Lair:1   | Noticed a four-headed hydra
 17183 | Lair:1   | Found a frozen archway.
 17193 | IceCv    | Entered an ice cave
 17471 | IceCv    | Noticed an ice statue
 17471 | IceCv    | Noticed an ice statue
 19192 | IceCv    | Killed an ice statue
 19356 | IceCv    | Killed an ice statue
 19356 | IceCv    | Reached skill level 11 in Spellcasting
 19356 | IceCv    | Reached skill level 1 in Fire Magic
 19481 | IceCv    | HP: 1/75 [blue devil (13)]
 19483 | IceCv    | Slain by a blue devil

Action                   |  1- 3 |  4- 6 |  7- 9 | 10-12 || total
-------------------------+-------+-------+-------+-------++-------
Melee: Unarmed           |    35 |       |    25 |       ||    60
       Dagger            |       |       |       |     8 ||     8
       Staff             |       |       |       |     1 ||     1
Throw: Stone             |     7 |       |       |       ||     7
 Cast: Magic Dart        |    57 |   141 |   248 |   370 ||   816
       Searing Ray       |     2 |    10 |    50 |    68 ||   130
       Dazzling Spray    |       |     2 |     5 |     3 ||    10
       Throw Flame       |       |       |     4 |    37 ||    41
       Iskenderun's Myst |       |       |       |    45 ||    45
       Throw Icicle      |       |       |       |    64 ||    64
       Mephitic Cloud    |       |       |       |    11 ||    11
       Fulminant Prism   |       |       |       |     8 ||     8
       Iskenderun's Batt |       |       |       |     2 ||     2
Evoke: Wand              |       |       |     1 |     6 ||     7
  Use: Scroll            |       |     4 |    12 |    10 ||    26
       Potion            |       |       |       |     7 ||     7
 Stab: Invisible         |       |       |     2 |       ||     2
  Eat: Corpse            |     8 |    16 |    17 |    27 ||    68
